 Dungeon Crawl Stone Soup version 0.31-a0-1-g4198be8 (webtiles) character file.

Game seed: 9274958499649376961

133 Nithhogg the Trooper (level 5, -1/47 HPs)
             Began as a Hill Orc Fighter on May 2, 2023.
             Succumbed to a water moccasin's poison
             ... on level 4 of the Dungeon.
             The game lasted 00:04:57 (2396 turns).

Nithhogg the Trooper (Hill Orc Fighter)             Turns: 2396, Time: 00:04:58

Health: -1/47      AC:  7    Str: 18 (21) XL:     5   Next: 16%
Magic:  7/7        EV:  9    Int:  6 (8)  God:
Gold:   187        SH:  0    Dex:  9 (10) Spells: 4/4 levels left

rFire   . . .        a - +0 war axe
rCold   . . .        (no shield)
rNeg    . . .        b - +0 scale mail
rPois   .            v - +0 hat
rElec   .            e - scarf {repulsion}
rCorr   .            (no gloves)
SInv    .            (no boots)
Will    .....        (no amulet) Stlth
                     (no ring)
HPRegen 0.27/turn    (no ring)
MPRegen 0.10/turn

%: repel missiles
@: mighty, lethally poisoned (-1 -> -12), attractive, flying, hasted, very quick
A: no striking features
a: no special abilities


You were on level 4 of the Dungeon.
You visited 1 branch of the dungeon, and saw 4 of its levels.

You collected 187 gold pieces.

Inventory:

Hand Weapons
 a - a +0 war axe (weapon)
 k - a +2 dagger of draining
 q - a +0 dagger of speed
Armour
 b - a +0 scale mail (worn)
 c - a +0 buckler
 e - a scarf of repulsion (worn)
 v - a +0 hat (worn)
Jewellery
 i - an amulet of the acrobat
 s - an amulet of regeneration
 t - an amulet of faith
Wands
 l - a wand of flame (14)
Scrolls
 f - a scroll of noise {unknown}
 h - 4 scrolls of immolation {unknown}
 m - a scroll of vulnerability {unknown}
 r - 4 scrolls of identify {unknown}
Potions
 d - a potion of might
 n - a potion of heal wounds {unknown}
 u - a potion of curing {unknown}


   Skills:
 + Level 4.6 Fighting
 + Level 4.1 Axes
 + Level 4.2 Armour
 - Level 3.2 Shields
 + Level 2.8 Invocations


You had 4 spell levels left.
You didn't know any spells.
Your spell library contained the following spells:

 Spells                   Type           Power      Damage    Failure   Level
 Foxfire                  Conj/Fire      0%         2x1d4     83%         1
 Fireball                 Conj/Fire      0%         3d3       100%        5
 Plasma Beam              Fire/Air       0%         2x1d11    100%        6
 Starburst                Conj/Fire      0%         6d3       100%        6


Dungeon Overview and Level Annotations

Branches:
Dungeon (4/15)
 Temple: D:4-7

Altars:
Okawaru
Qazlal
Vehumet

Shops:
D:2 :


Message History

The orc barely misses you.
You miss the water moccasin. You hit the orc.
You feel sick. The water moccasin bites you. x2
You are more poisoned.
The water moccasin poisons you! The orc barely misses you.
You feel very mighty all of a sudden.
You feel very sick. The water moccasin bites you.
A hobgoblin comes into view.
The orc hits you but does no damage.
You completely miss the water moccasin. You hit the orc.
You feel very sick. The water moccasin bites you.
* * * LOW HITPOINT WARNING * * *
The water moccasin bites you but does no damage.
The orc closely misses you.
You miss the water moccasin. You slash the orc!
You kill the orc!
You feel very sick. The water moccasin bites you.
* * * LOW HITPOINT WARNING * * *
The water moccasin bites you but does no damage.
It was a potion of haste.
You feel yourself speed up.
* * * LOW HITPOINT WARNING * * *
You feel sick. The water moccasin closely misses you.
It was a potion of flight.
You feel very buoyant.
You fly up into the air.
The water moccasin bites you.
* * * LOW HITPOINT WARNING * * *
You are more poisoned.
The water moccasin poisons you!
It was a potion of attraction.
You feel attractive to monsters.
* * * LOW HITPOINT WARNING * * *
You feel very sick.
The water moccasin bites you but does no damage.
It was a potion of degeneration.
There was something very wrong with that liquid.
You feel weakened.
You feel dopey.
You feel clumsy.
You die...

... ....# .. ....#
#.##..$# #..#...# .
#.#..# ###
....###...#####....
................#
###.####..g).####
#.......#S@########
######..##.##.....#
.........#.##.....#
######.....##.....#
#..............#
#..........<...#
#.......##.....#
##########.....#
#.....#


You could see a water moccasin and a hobgoblin.

Vanquished Creatures
  A sleepcap (D:4)
  3 gnolls (D:2)
  An adder (D:2)
  A worm (D:2)
  A dart slug (D:1)
  An orc (D:4)
  An endoplasm (D:1)
  3 giant cockroaches
  9 goblins
  8 hobgoblins
  4 quokkas
  6 ball pythons
  7 bats
  5 frilled lizards (D:1)
  6 kobolds
  4 rats
61 creatures vanquished.

Notes
Turn   | Place    | Note
-------+----------+-------------------------------------------
     0 | D:1      | Nithhogg the Hill Orc Fighter began the quest for the Orb.
     0 | D:1      | Reached XP level 1. HP: 19/19 MP: 1/1
    82 | D:1      | Reached XP level 2. HP: 27/27 MP: 2/2
   135 | D:1      | Reached skill level 1 in Invocations
   572 | D:1      | Reached XP level 3. HP: 33/33 MP: 4/4
   996 | D:2      | Found a radiant altar of Vehumet.
  1083 | D:2      | Reached XP level 4. HP: 24/40 MP: 5/5
  1225 | D:2      | Found Boiteug's Book Boutique.
  1894 | D:3      | Found an iron altar of Okawaru.
  1984 | D:3      | Found a stormy altar of Qazlal.
  2326 | D:4      | Reached XP level 5. HP: 38/47 MP: 5/7
  2374 | D:4      | Noticed a water moccasin
  2395 | D:4      | HP: 1/47 [poisoned by a water moccasin]
  2396 | D:4      | Succumbed to a water moccasin's poison

Illustrated notes

Levels and vault maps discovered:
D:1:      lemuel_arrival_cross, layout_basic, chequers_serial_rivers_micro_b
D:2:      layout_basic, serial_shops, nicolae_shop_peninsula, basic_altar
D:3:      layout_loops_ring, nicolae_qazlal_general_emergency,
          mainiacjoe_overflow_tiny_flanked, hangedman_decor_points
D:4:      layout_rooms, mainiacjoe_overflow_alcove_4

Skill      XL: |  1  2  3  4 |
---------------+-------------+-----
Axes           | 3 4 |  4.1
Invocations    | 1 2 |  2.8
Fighting       | 4 |  4.6
Armour         | 4 |  4.2
Shields        | |  3.2

Action                     |  1- 3 |  4- 6 || total
---------------------------+-------+-------++-------
  Melee: War axe           |    82 |    68 ||   150
    Use: Potion            |       |     5 ||     5
 Armour: Scale mail        |    43 |    31 ||    74
  Dodge: Dodged            |    55 |    48 ||   103

Table legend: (Time is in decaauts)
 A = Elapsed time spent in this place.
 B = Non-inter-level travel time spent in this place.
 C = Inter-level travel time spent in this place.
 D = Time resting spent in this place.
 E = Time spent auto-exploring this place.
 F = Levels seen in this place.
 G = Mean time per level.
                   A        B        C        D        E       F      G
               +--------+--------+--------+--------+--------+-----+--------+
         Total |   2444 |   2393 |     51 |      0 |   1995 |   4 |  611.0 |
       Dungeon |   2444 |   2393 |     51 |      0 |   1995 |   4 |  611.0 |
               +--------+--------+--------+--------+--------+-----+--------+

Top non-repeatable levels by time:
     D:1: 902 daAuts
     D:2: 823 daAuts
     D:3: 636 daAuts
     D:4: 82 daAuts
